 Dungeon Crawl Stone Soup version 0.18.1-50-g88ac8fd (webtiles) character file.

35 magog001 the Covered (level 3, 0/33 HPs)
             Began as a Minotaur Fighter on Dec 10, 2016.
             Slain by Sigmund
             ... wielding a +0 scythe
              (9 damage)
             ... on level 2 of the Dungeon.
             The game lasted 00:05:57 (1162 turns).

magog001 the Covered (Minotaur Fighter)             Turns: 1162, Time: 00:05:58

Health: 0/33       AC:  4    Str: 21    XL:     3   Next: 17%
Magic:  2/2        EV:  8    Int:  5    God:
Gold:   69         SH:  0    Dex:  9    Spells: 0 memorised, 2 levels left

rFire  . . .     SeeInvis .     a - +0 war axe
rCold  . . .     Gourm    .     h - +1 leather armour (curse)
rNeg   . . .     Faith    .     c - +0 shield
rPois  .         Spirit   .     (helmet restricted)
rElec  .         Dismiss  .     (no cloak)
rCorr  .         Reflect  .     (no gloves)
SustAt .         Harm     .     (no boots)
MR     .....                    (no amulet)
Stlth  ..........               (no ring)
                                (no ring)

@: confused, not resistant to hostile enchantments, extremely unstealthy
A: retaliatory headbutt, horns 2
a: no special abilities


You were on level 2 of the Dungeon.
You were not hungry.

You visited 1 branch of the dungeon, and saw 2 of its levels.

You collected 69 gold pieces.

Inventory:

Hand Weapons
 a - a +0 war axe (weapon)
 q - a +1 mace of holy wrath
Missiles
 m - 7 needles of confusion
Armour
 b - a +0 scale mail
 c - a +0 shield (worn)
 h - a cursed +1 leather armour (worn)
Jewellery
 l - an uncursed amulet of rage
Scrolls
 j - a scroll of identify
 p - a scroll of remove curse {unknown}
Potions
 d - a potion of might
 e - a potion of degeneration {unknown}
 i - a potion of curing {unknown}
 k - a potion of berserk rage {unknown}
 n - a potion of resistance {unknown}
Comestibles
 f - 2 bread rations
 g - 2 chunks of flesh
 o - a beef jerky


   Skills:
 + Level 4.1 Fighting
 + Level 2.7 Axes
 + Level 4.3 Armour
 + Level 4.0 Shields


You had 2 spell levels left.
You didn't know any spells.

Dungeon Overview and Level Annotations

Branches:
Dungeon (2/15)

Altars:
Pakellas

Annotations:
D:2 Sigmund


Innate Abilities, Weirdness & Mutations

You reflexively headbutt those who attack you in melee.
You have a pair of horns on your head.


Message History

The kobold hits you but does no damage.
You closely miss the kobold. Your headbutt misses the kobold.
You block the kobold's attack.
You closely miss the kobold. You headbutt the kobold.
You kill the kobold!
The kobold throws a stone.
The stone barely misses you. Something hits you!
A hobgoblin comes into view. It is wielding a club.
The hobgoblin shouts!
The kobold throws a stone.
The stone hits you but does no damage.
Things that are here:
a short sword; a kobold corpse You slash something!
Your headbutt misses something. Something hits you.
You closely miss something. Something hits you!
You miss something.
You hear some strange, mumbled words.
You are confused.
You bump into the rock wall.
Something hits you!
* * * LOW HITPOINT WARNING * * *
You closely miss something. Something hits you!
You die...

#.....# #####.....####
..............
#######.......###
#.............# #
#.######.###### # #.#
#.#....# #
########.######.#.##.###
..!.gK.@....(........รท..
########.##.......#####.
...##.......# #.
#.####.......#####. #.
#............. #
#.............
#......#......
..#######.....# ..
#..#...


You could see a hobgoblin and a kobold.

Vanquished Creatures
  A worm (D:2)
  5 bats
  A giant cockroach (D:1)
  6 goblins
  4 hobgoblins
  A giant newt (D:1)
  6 kobolds
  3 rats (D:1)
27 creatures vanquished.

Notes
Turn   | Place    | Note
--------------------------------------------------------------
     0 | D:1      | magog001 the Minotaur Fighter began the quest for the Orb.
     0 | D:1      | Reached XP level 1. HP: 19/19 MP: 0/0
   116 | D:1      | Reached XP level 2. HP: 26/27 MP: 1/1
   937 | D:2      | Found an oddly glowing altar of Pakellas.
   949 | D:2      | Reached XP level 3. HP: 20/33 MP: 2/2
  1152 | D:2      | Noticed Sigmund
  1162 | D:2      | Slain by Sigmund

Skill      XL: |  1  2  3 |
---------------+----------+-----
Armour         | 4 |  4.3
Fighting       | 4 |  4.1
Shields        | 4 |  4.0
Axes           | |  2.7

Action                   || total
-------------------------++-------
Melee: War axe           ||    78
       Headbutt          ||     7
  Use: Scroll            ||     2
  Eat: Bread ration      ||     1
Armor: Scale mail        ||    19
       Leather armour    ||     6
Dodge: Dodged            ||    26
Block: Shield            ||    33
